 Dungeon Crawl Stone Soup version bcrawl-1.15.1 (webtiles) character file.

Game seed: 5169372230414859449

88 Chiseanne the Cutter (level 4, 16/33 HPs)
             Began as a Demonspawn Archaeologist on Sept 27, 2019.
             Quit the game on level 2 of the Dungeon.
             The game lasted 00:03:13 (1639 turns).

Chiseanne the Cutter (Demonspawn Archaeologist)     Turns: 1639, Time: 00:03:14

Health: 16/33      AC:  8    Str: 11    XL:     4   Next: 30%
Magic:  4/4        EV: 13    Int: 15    God:
Gold:   75         SH:  0    Dex: 13    Spells: 3/3 levels left

rFire    . . .     SeeInvis .   j - +0 short sword
rCold    . . .     Gourm    .   (no shield)
rNeg     . . .     Faith    .   b - +1 robe
rPois    .         Spirit   .   c - +1 hat
rElec    .         Reflect  .   (no cloak)
rCorr    .         Harm     .   (no gloves)
MR       .....                  d - +1 pair of boots
Stlth    ++........             (no amulet)
HPRegen  0.11/turn              (no ring)
MPRegen  0.09/turn              (no ring)

@: studying Short Blades
A: antennae 1, thin metallic scales 1, powered by pain 1
a: no special abilities


You were on level 2 of the Dungeon.
You were not hungry.

You visited 1 branch of the dungeon, and saw 2 of its levels.

You collected 75 gold pieces.

Inventory:

Hand Weapons
 j - a +0 short sword (weapon)
Missiles
 k - 168 stones (quivered)
 m - 36 curare-tipped needles
 q - 105 arrows
Armour
 b - a +1 robe (worn)
 c - a +1 hat (worn)
 d - a +1 pair of boots (worn)
Scrolls
 a - a scroll of enchant weapon {unknown}
 i - a scroll of teleportation {unknown}
 l - a scroll of identify {unknown}
 n - 2 scrolls of fear {unknown}
 r - a scroll of remove curse {unknown}
Potions
 h - a potion of haste {unknown}
 o - a potion of curing {unknown}
 p - a potion of heal wounds {unknown}
Books
 e - a manual of Short Blades
Miscellaneous
 f - an ancient crate
Comestibles
 g - 2 rations {!d}
 s - 3 chunks of flesh


   Skills:
 - Level 2.1 Fighting
 + Level 3.6 Short Blades
   Level 0.8 Maces & Flails
 - Level 3.3 Dodging
 - Level 3.0 Stealth


You had 3 spell levels left.
You didn't know any spells.
Your spell library was empty.

Dungeon Overview and Level Annotations

Branches:
Dungeon (2/12)

Altars:


Innate Abilities, Weirdness & Mutations

You have a pair of small antennae on your head.
You are partially covered in thin metallic scales. (AC +2)
You sometimes gain a little power by taking damage.


Message History

Eating one of 5 chunks of flesh.
You eat one of the 5 chunks of flesh.
This raw flesh tastes terrible.
Eating one of 4 chunks of flesh.
You eat one of the 4 chunks of flesh.
This raw flesh tastes terrible.
A leopard gecko comes into view.
The leopard gecko hisses angrily.
You hit the leopard gecko but do no damage.
The leopard gecko bites you but does no damage.
You hit the leopard gecko.
The leopard gecko is almost dead.
The leopard gecko bites you but does no damage.
You barely miss the leopard gecko.
The leopard gecko is almost dead.
The leopard gecko bites you but does no damage.
You miss the leopard gecko.
The leopard gecko is almost dead.
The leopard gecko barely misses you.
You hit the leopard gecko.
You kill the leopard gecko!
Are you sure you want to abandon this character and quit the game? (Confirm with "yes".)

#....# #...#
######### #.#.###
#.......# #.....#
#.......####.#.#####
#.......#..........#
+.......#..#.#.###.#
#............#...#)#
#............@...รท.#
#.....).<.##...#####
#######...##.###
...........>#
#####....##.#
###.#..##.#
#......##.#
#...#..##.#
#...##.##.#


There were no monsters in sight!

Vanquished Creatures
  A howler monkey (D:2)
  2 worms
  2 dart slugs (D:1)
  5 leopard geckos
  3 giant cockroaches (D:1)
  A goblin (D:2)
  4 hobgoblins
  4 jackals (D:2)
  5 kobolds
  A ball python (D:2)
  4 bats
  2 frilled lizards (D:1)
  4 rats
38 creatures vanquished.

Notes
Turn   | Place    | Note
-------+----------+-------------------------------------------
     0 | D:1      | Chiseanne the Demonspawn Archaeologist began the quest for
                  | the Orb.
     0 | D:1      | Reached XP level 1. HP: 15/15 MP: 1/1
     1 | D:1      | Noticed an electric eel
    85 | D:1      | Gained mutation: You sometimes gain a little power by
                  | taking damage. [demonic ancestry]
    85 | D:1      | Reached XP level 2. HP: 4/21 MP: 2/2
   893 | D:1      | Gained mutation: You are partially covered in thin metallic
                  | scales. (AC +2) [demonic ancestry]
   893 | D:1      | Reached XP level 3. HP: 24/27 MP: 3/3
  1344 | D:2      | Reached skill level 1 in Short Blades
  1557 | D:2      | Gained mutation: You have a pair of small antennae on your
                  | head. [demonic ancestry]
  1557 | D:2      | Reached XP level 4. HP: 18/33 MP: 4/4
  1639 | D:2      | Quit the game

Skill      XL: |  1  2  3 |
---------------+----------+-----
Dodging        | 3 |  3.3
Fighting       | 2 |  2.1
Short Blades   | 3 |  3.6
Maces & Flails | |  0.8
Stealth        | |  3.0

Action                   |  1- 3 |  4- 6 || total
-------------------------+-------+-------++-------
Melee: Whip              |    40 |       ||    40
       Short sword       |   113 |    23 ||   136
 Stab: Sleeping          |     4 |       ||     4
  Eat: Chunk             |     1 |     2 ||     3
Armor: Robe              |    74 |     6 ||    80
Dodge: Dodged            |   165 |     7 ||   172
